 Dungeon Sprint DCSS version 0.26.1-2-gb8aa6d0cf2 (webtiles) character file.

Game seed: 429747911703240270

12 DavidChitty2 the Skirmisher (level 3, -5/36 HPs)
             Began as a Minotaur Fighter on Mar 1, 2021.
             Was an Initiate of Gozag.
             Slain by a water moccasin (7 damage)
             ... in the Dungeon (Sprint VI: "Thunderdome").
             The game lasted 00:01:35 (306 turns).

DavidChitty2 the Skirmisher (Minotaur Fighter)       Turns: 306, Time: 00:01:36

Health: -5/36      AC:  7    Str: 21    XL:     3   Next: 12%
Magic:  2/2        EV:  7    Int:  5    God:    Gozag
Gold:   425        SH: 10    Dex:  9    Spells: 2/2 levels left

rFire    . . .     SeeInvis .   a - +0 war axe
rCold    . . .     Faith    .   c - +0 kite shield
rNeg     . . .     Spirit   .   b - +0 scale mail
rPois    .         Reflect  .   (helmet restricted)
rElec    .         Harm     .   (no cloak)
rCorr    .         Rampage  .   (no gloves)
Will     .....     NoTele   +   (no boots)
Stlth    ..........             (no amulet)
HPRegen  0.12/turn              (no ring)
MPRegen  0.08/turn              (no ring)

@: no status effects
A: retaliatory headbutt, horns 2
a: Renounce Religion, Potion Petition, Call Merchant, Bribe Branch


You were in the Dungeon.
You worshipped Gozag.
Gozag was aware of your devotion.
You visited 1 branch You collected 425 gold pieces.

Inventory:

Hand Weapons
 a - a +0 war axe (weapon)
Armour
 b - a +0 scale mail (worn)
 c - a +0 kite shield (worn)
Wands
 k - a wand of acid (5)
 l - a wand of iceblast (5)
Scrolls
 j - 4 scrolls of blinking
 m - 3 scrolls of fog
Potions
 d - a potion of might
 e - a potion of curing
 f - 4 potions of heal wounds
 g - 4 potions of haste
 h - 2 potions of magic
 i - a potion of berserk rage
 n - a potion of resistance


   Skills:
 + Level 5.5 Fighting
 + Level 3.5 Axes
 + Level 5.4 Armour
 + Level 0.1 Dodging
 + Level 5.2 Shields


You had 2 spell levels left.
You didn't know any spells.
Your spell library was empty.

Dungeon Overview and Level Annotations

Branches:
Dungeon (1/1)

Altars:
Cheibriados
Dithmenos
Fedhas
Gozag
Kikubaaqudgha
Makhleb
Okawaru
Qazlal
Ru
Sif Muna
Trog
Uskayaw
Vehumet
Wu Jian
Xom
Yredelemnul
Zin
The Shining One
Beogh
Jiyva
Lugonu

Shops:
D *[??*?*:[((!!!!


Innate Abilities, Weirdness & Mutations

You reflexively headbutt those who attack you in melee.
You have a pair of horns on your head.


Message History

50...
You block the water moccasin's attack.
You barely miss the water moccasin. The water moccasin bites you!
* * * LOW HITPOINT WARNING * * *
You block the water moccasin's attack.
You barely miss the water moccasin.
Your headbutt misses the water moccasin.
The water moccasin bites you.
* * * LOW HITPOINT WARNING * * *
The water moccasin barely misses you. You furiously retaliate!
You headbutt the water moccasin!
Your shield and scale mail prevent you from hitting the water moccasin.
The water moccasin is moderately wounded.
You block the water moccasin's attack. The water moccasin barely misses you.
Unknown command.
You hit the water moccasin.
The water moccasin is moderately wounded.
The water moccasin bites you!
You die...
Your body crumbles into a pile of gold.

#........_# ###.........###
#⌠...........⌠#
######.8......$..8.#####
##.___......###......___∩
###∩........8.# #.8........
##.............###..........
#⌠..........###...###.......
#⌠.........@# #.<.# #.......
#⌠.........S###...###.......
##.............###..........
###∩........8.# #.8........
##∩___......###......___∩
######.8.........8.#####
#⌠.....÷.....⌠#
###.........### #_......._#


You could see a water moccasin.

Vanquished Creatures
  3 adders (D)
  3 ball pythons (D)
  A hobgoblin (D)
  A frilled lizard (D)
  A rat (D)
9 creatures vanquished.

Notes
Turn   | Place    | Note
-------+----------+-------------------------------------------
     0 | D        | DavidChitty2 the Minotaur Fighter began the quest for the
                  | Orb.
     0 | D        | Reached XP level 1. HP: 19/19 MP: 0/0
     2 | D        | Found an ornate altar of the Wu Jian Council.
     2 | D        | Found a corrupted altar of Lugonu.
     3 | D        | Found an ancient bone altar of Kikubaaqudgha.
     3 | D        | Found a snail-covered altar of Cheibriados.
     4 | D        | Found a shimmering altar of Xom.
     5 | D        | Found a radiant altar of Vehumet.
     5 | D        | Found Teokoh's Staff Store.
     5 | D        | Found Hiceleg's Magic Scroll Shop.
     5 | D        | Round 1.
     6 | D        | Found a shimmering blue altar of Sif Muna.
     6 | D        | Found Iciniud's Must-Have Magic.
     6 | D        | Found Ejiryple's Magic Scroll Shop.
    28 | D        | Found a burning altar of Makhleb.
    32 | D        | Found an opulent altar of Gozag.
    32 | D        | Found a stormy altar of Qazlal.
    32 | D        | Found Wutaurph's Jewellery.
    33 | D        | Found Qon Awuth's Advanced Armour.
    34 | D        | Found a sacrificial altar of Ru.
    34 | D        | Found a blossoming altar of Fedhas.
    34 | D        | Found a bloodstained altar of Trog.
    34 | D        | Found Ifaor's Identification Station.
    51 | D        | Found a glowing silver altar of Zin.
    53 | D        | Found a viscous altar of Jiyva.
    53 | D        | Found an iron altar of Okawaru.
    53 | D        | Found Ocvu's Premium Goods.
    53 | D        | Found Kasen's Miscellaneous Merchandise.
    54 | D        | Found Qeozil's Basic Armour.
    55 | D        | Found a basalt altar of Yredelemnul.
    55 | D        | Found a shadowy altar of Dithmenos.
    55 | D        | Found Nuonos's Weapon Rack.
    76 | D        | Found a glowing golden altar of the Shining One.
    80 | D        | Found a hide-covered altar of Uskayaw.
    80 | D        | Found a roughly hewn altar of Beogh.
    80 | D        | Found Jarojent's Do-It-Yourself Clinic.
    80 | D        | Found Cennai's Bottled Wisdom.
    81 | D        | Found Qaojam's Distillery.
    87 | D        | Found Sowong's Distillery.
   113 | D        | Reached XP level 2. HP: 11/28 MP: 1/1
   117 | D        | Arena points: 12 (+12) [x2]
   130 | D        | Became a worshipper of Gozag Ym Sagoz the Greedy
   168 | D        | Round 2.
   201 | D        | Reached skill level 5 in Fighting
   201 | D        | Reached skill level 5 in Armour
   201 | D        | Reached skill level 5 in Shields
   206 | D        | Reached XP level 3. HP: 11/36 MP: 2/2
   298 | D        | Noticed a water moccasin
   306 | D        | Slain by a water moccasin

Illustrated notes

Levels and vault maps discovered:
D:        arena_sprint

Skill      XL: |  1  2 |
---------------+-------+-----
Fighting       | 4 5 |  5.5
Armour         | 4 5 |  5.4
Shields        | 4 5 |  5.2
Axes           | 3 |  3.5
Dodging        | |  0.1

Action                   || total
-------------------------++-------
Melee: War axe           ||    30
       Headbutt          ||     2
Armor: Scale mail        ||    16
Dodge: Dodged            ||     5
Block: Kite shield       ||    18
